 Dungeon Crawl Stone Soup version 0.21.0-3-g78d12a8 (webtiles) character file.

157 Megalobster the Sneak (level 5, -1/24 HPs)
             Began as a Spriggan Enchanter on Jan 17, 2018.
             Slain by a centaur skeleton (8 damage)
             ... on level 3 of the Dungeon.
             The game lasted 00:09:46 (2827 turns).

Megalobster the Sneak (Spriggan Enchanter)          Turns: 2827, Time: 00:09:47

Health: -1/24      AC:  2    Str:  4    XL:     5   Next: 15%
Magic:  4/12       EV: 19    Int: 18    God:
Gold:   92         SH:  0    Dex: 16    Spells: 3/12 levels left

rFire    . . .     SeeInvis +   a - +1 dagger
rCold    . . .     Gourm    .   (shield restricted)
rNeg     + . .     Faith    .   b - +0 robe
rPois    .         Spirit   .   (helmet restricted)
rElec    .         Reflect  .   (no cloak)
rCorr    .         Harm     .   (gloves unavailable)
MR       .....                  (boots unavailable)
Stlth    +++.......             (no amulet)
HPRegen  0.08/turn              e - ring of positive energy
MPRegen  0.13/turn              (no ring)

@: very quick
A: very small, unfitting armour, see invisible, herbivore, speed 3, slow
metabolism 2
a: no special abilities


You were on level 3 of the Dungeon.
You were not hungry.

You visited 1 branch of the dungeon, and saw 3 of its levels.

You collected 92 gold pieces.

Inventory:

Hand Weapons
 a - a +1 dagger (weapon)
Armour
 b - a +0 robe (worn)
 k - a +0 shield
Jewellery
 e - a ring of positive energy (left hand)
 l - an uncursed ring of protection from magic {unknown}
 r - a +4 ring of evasion {unknown}
Scrolls
 g - 4 scrolls of identify {unknown}
 i - a scroll of blinking {unknown}
 n - 2 scrolls of amnesia {unknown}
 o - 2 scrolls of teleportation {unknown}
 p - a scroll of fog {unknown}
 q - 2 scrolls of remove curse {unknown}
 t - a scroll of magic mapping {unknown}
 u - a scroll of enchant armour {unknown}
Potions
 f - a potion of invisibility {unknown}
 h - 2 potions of curing {unknown}
 j - a potion of ambrosia {unknown}
 m - a potion of might {unknown}
 s - a potion of heal wounds {unknown}
Books
 c - a book of Maledictions

   Spells                             Type                      Level
   a - Corona                         Hexes                        1
   b - Ensorcelled Hibernation        Hexes/Ice                    2
   c - Confuse                        Hexes                        3
   d - Tukima's Dance                 Hexes                        3
   e - Dazzling Spray                 Conjuration/Hexes            3
Comestibles
 d - 2 rations


   Skills:
 + Level 1.9 Short Blades
 + Level 4.0 Dodging
 * Level 6.2 Stealth
 * Level 4.2 Spellcasting
 + Level 4.4 Hexes


You had 3 spell levels left.
You knew the following spells:

 Your Spells              Type           Power        Failure   Level  Hunger
a - Corona                Hex            ###....      2%          1    None
b - Ensorcelled Hibernat  Hex/Ice        ##....       9%          2    ##.....
c - Confuse               Hex            ###.....     7%          3    ###....
d - Tukima's Dance        Hex            ###.....     7%          3    ###....


Dungeon Overview and Level Annotations

Branches:
Dungeon (3/15)

Altars:
Kikubaaqudgha


Innate Abilities, Weirdness & Mutations

You are very small and have problems with some larger weapons.
You are too small for most types of armour.
You have supernaturally acute eyesight. (SInv)
You are a herbivore.
You cover ground extremely quickly.
You need consume almost no food.


Message History

You hit the centaur skeleton but do no damage.
The centaur skeleton is heavily damaged.
The centaur skeleton completely misses you.
You hit the centaur skeleton.
The centaur skeleton is severely damaged.
The centaur skeleton hits you. The centaur skeleton misses you.
You take 2 damage, and have 12/24 hp.
You hit the centaur skeleton.
The centaur skeleton is severely damaged.
The centaur skeleton hits you.
You take 4 damage, and have 8/24 hp.
You hit the centaur skeleton.
The centaur skeleton is almost destroyed.
The centaur skeleton hits you.
* * * LOW HITPOINT WARNING * * *
You take 1 damage, and have 7/24 hp.
You hit the centaur skeleton but do no damage.
The centaur skeleton is almost destroyed.
The centaur skeleton hits you!
You die...

### #.. #.# ... ###
#.# ##.... ### #.#
#######...# ..
###Z####.$.......#
#.###.)@.>...###.#...#
#.......########.# .#
##..##o### #..#
...#..## ##.##
#.....### ##..####.
##<##.).####.........
#.............#####.#
........####...####
.##.#####.....##


You could see an orc wizard (confused) and a centaur skeleton.

Vanquished Creatures
  An orc wizard (D:3)
  Robin (D:2)
  4 adders (D:2)
  An ooze (D:1)
  A dart slug (D:1)
  3 leopard geckos
  2 orcs (D:3)
  6 bats (D:1)
  A giant cockroach (D:2)
  19 goblins
  8 hobgoblins
  5 jackals
  2 ball pythons
  7 frilled lizards
  A kobold (D:2)
  9 rats
71 creatures vanquished.

Vanquished Creatures (collateral kills)
  A jackal (D:2)
1 creature vanquished.

Grand Total: 72 creatures vanquished

Notes
Turn   | Place    | Note
-------+----------+-------------------------------------------
     0 | D:1      | Megalobster the Spriggan Enchanter began the quest for the Orb.
     0 | D:1      | Reached XP level 1. HP: 9/9 MP: 5/5
   479 | D:1      | Reached XP level 2. HP: 13/13 MP: 7/7
   486 | D:1      | Learned a level 2 spell: Ensorcelled Hibernation
   751 | D:1      | Reached skill level 5 in Stealth
  1123 | D:1      | Reached XP level 3. HP: 15/16 MP: 8/8
  1128 | D:1      | Learned a level 3 spell: Confuse
  1447 | D:2      | Learned a level 3 spell: Tukima's Dance
  1471 | D:2      | Found an ancient bone altar of Kikubaaqudgha.
  1631 | D:2      | Reached XP level 4. HP: 19/21 MP: 3/10
  1803 | D:2      | Noticed Robin
  1813 | D:2      | Killed Robin
  2671 | D:2      | Reached skill level 6 in Stealth
  2816 | D:3      | Reached XP level 5. HP: 24/24 MP: 5/12
  2827 | D:3      | Slain by a centaur skeleton

Skill      XL: |  1  2  3  4 |
---------------+-------------+-----
Spellcasting   | 3 4 |  4.2
Stealth        | 5 6 |  6.2
Hexes          | 4 |  4.4
Dodging        | 4 |  4.0
Short Blades   | |  1.9

Action                   |  1- 3 |  4- 6 || total
-------------------------+-------+-------++-------
Melee: Dagger            |   132 |   127 ||   259
 Cast: Ensorcelled Hiber |     6 |     5 ||    11
       Tukima's Dance    |     2 |     1 ||     3
       Confuse           |       |    14 ||    14
 Stab: Sleeping          |    21 |     1 ||    22
       Confused          |       |     6 ||     6
  Eat: Ration            |       |     1 ||     1
Armor: Robe              |    17 |     9 ||    26
Dodge: Dodged            |   103 |   107 ||   210
